 Dungeon Crawl Stone Soup version 0.21-a0-513-gdcb3f5e (webtiles) character file.

21918 Starchild the Slicer (level 12, -9/56 HPs)
             Began as a Vine Stalker Chaos Knight on Dec 2, 2017.
             Mangled by an entropy weaver (14 damage)
             ... on level 3 of the Lair of Beasts.
             The game lasted 01:08:46 (10663 turns).

Starchild the Slicer (Vine Stalker Chaos Knight)   Turns: 10663, Time: 01:08:48

Health: -9/56      AC:  7    Str: 22      XL:     12   Next: 95%
Magic:  0/13       EV: 10    Int:  9 (12) God:    Xom [...*..]
Gold:   683        SH: 12    Dex: 18      Spells: 11/11 levels left

rFire    . . .     SeeInvis +   S - +6 scimitar "Wimyoxum" {slice, Str+3}
rCold    . . .     Gourm    .   A - +0 shield
rNeg     + . .     Faith    .   M - +2 leather armour "Gowaiwn" {MR+}
rPois    +         Spirit   +   (helmet restricted)
rElec    .         Reflect  .   q - +2 cloak {rPois}
rCorr    .         Harm     .   P - +0 pair of gloves
MR       ++...                  (no boots)
Stlth    +.........             (no amulet)
HPRegen  0.98/turn              b - +3 ring of strength
MPRegen  0.13/turn              z - ring of positive energy

@: corroded
A: antennae 1, fangs 3, molten scales 1, see invisible, deterioration 1, sense
surroundings 1, regeneration 2, magic shield, antimagic bite, no potion heal 3,
rot immunity
a: Renounce Religion


You were on level 3 of the Lair of Beasts.
You worshipped Xom.
You were a favourite toy of Xom.
You were not hungry.

You visited 2 branches of the dungeon, and saw 12 of its levels.

You collected 683 gold pieces.

Inventory:

Hand Weapons
 o - a +3 hunting sling of velocity
 s - a +2 short sword of freezing
 w - a +2 short sword of venom
 x - a +0 dagger of protection
 S - the +6 scimitar "Wimyoxum" (weapon) {slice, Str+3}
   (You found it on level 1 of the Lair of Beasts)

   It inflicts extra damage upon your enemies.
   It affects your strength (+3).
Missiles
 j - 372 stones (quivered)
 H - 57 sling bullets
Armour
 p - a +1 robe of cold resistance
 q - a +2 cloak of poison resistance (worn)
 A - a +0 shield (worn)
 M - the +2 leather armour "Gowaiwn" (worn) {MR+}
   (You found it on level 8 of the Dungeon)

   It affects your resistance to hostile enchantments.
 P - a +0 pair of gloves (worn)
Jewellery
 b - a +3 ring of strength (left hand)
 n - an uncursed ring of ice
 u - a +1 ring of slaying
 z - a ring of positive energy (right hand)
 C - an uncursed ring of magical power
Wands
 a - a wand of digging (10)
 d - a wand of acid (4)
 t - a wand of paralysis (18)
 B - a wand of random effects (26)
 N - a wand of iceblast (20)
 Q - a wand of polymorph (20)
 U - a wand of flame (48)
Scrolls
 e - 4 scrolls of magic mapping
 f - 3 scrolls of identify
 l - 2 scrolls of amnesia
 m - 7 scrolls of enchant weapon
 v - 5 scrolls of remove curse
 y - a scroll of blinking {unknown}
 D - 2 scrolls of teleportation
 E - 2 scrolls of enchant armour
 J - a scroll of summoning {unknown}
 T - a scroll of fog {unknown}
 W - a scroll of fear
Potions
 g - 2 potions of lignification
 i - a potion of agility
 k - a potion of magic {unknown}
 r - 2 potions of might {unknown}
 F - 3 potions of curing
 G - 2 potions of flight
 I - a potion of heal wounds {unknown}
 R - a potion of haste
Books
 V - a book of Spatial Translocations

   Spells                             Type                      Level
   a - Blink                          Translocation                2
   b - Shroud of Golubria             Charms/Translocation         2
   c - Lesser Beckoning               Translocation                3
   d - Gell's Gravitas                Translocation                3
   e - Teleport Other                 Translocation                3
   f - Passage of Golubria            Translocation                4
Miscellaneous
 O - a box of beasts
Comestibles
 c - 9 bread rations
 h - 7 meat rations
 K - 10 royal jellies
 L - 11 fruits


   Skills:
 - Level 2.9 Fighting
 - Level 12.8 Short Blades
 + Level 11.7 Slings
 - Level 1.6 Armour
 - Level 0.7 Dodging
 - Level 8.6 Shields


You had 11 spell levels left.
You didn't know any spells.

Dungeon Overview and Level Annotations

Branches:
Dungeon (8/15)             Temple (0/1) D:4            Lair (4/6) D:8
  Swamp (0/4) Lair:2
  Snake: Lair:2-4    Spider: Lair:2-4

Altars:
Ashenzari
Cheibriados
Dithmenos
Elyvilon
Fedhas
Gozag
Kikubaaqudgha
Makhleb
Nemelex Xobeh
Okawaru
Qazlal
Ru
Sif Muna
Uskayaw
Wu Jian
Xom
The Shining One

Annotations:
Lair:1 exclusion: 3 oklob plants


Innate Abilities, Weirdness & Mutations

You have razor-sharp teeth.
You heal very quickly.
When hurt, damage is shared between your health and your magic reserves.
Your bite disrupts and absorbs the magic of your enemies.
Potions cannot restore your health.
You are immune to rotting.
You have a pair of small antennae on your head.
You are partially covered in molten scales. (AC +2)
You have supernaturally acute eyesight. (SInv)
Your body sometimes deteriorates upon taking damage.
You passively map a small area around you.


Message History

The entropy weaver splashes around in the water.
The entropy weaver barely misses you. The entropy weaver hits you!
Your body deteriorates!
You feel dopey.
You emit a cloud of colourful smoke!
You block the entropy weaver's attack. You block the water moccasin's attack.
You climb upwards.
There is a stone staircase leading down here.
You block the porcupine's attack. The entropy weaver hits you! x3
* * * LOW HITPOINT WARNING * * *
The entropy weaver hits you!
* * * LOW HITPOINT WARNING * * *
You block the water moccasin's attack.
Xom's power touches on a nearby monster.
The porcupine evaporates and reforms as a worm!
The entropy weaver barely misses you.
You riposte.
You slash the entropy weaver!
The entropy weaver is moderately wounded.
The entropy weaver hits you!
You die...
Xom bursts into laughter!

....###............#.#+...PP##...
....##.............#.8.#..###...#
....###..................## ##...
#...P##.........##.......### #...
...###.#........#..........# #...
..## ###.......#...........###...
..# #......#....##....#...##...
..# ###.....#....#..8..#....#...
..## #.)#...##w.@#.....#.....#...
...###.##...#.Sa#.......#.#...#..
............#>.8###..<..#..8.<...
............#...# #.....###...#..
..........####..####...####...#..
.#.P......#..#....#..8.#.#.......
###........##.#....#...#.....#.#.
#..........#.#............##..#.
##...........###.........#...##.


You could see an entropy weaver, a water moccasin and a worm.

Vanquished Creatures
  A great orb of eyes (Lair:3)
  Harold (Lair:4)
  A hydra (Lair:1)
  A catoblepas (Lair:4)
  2 two-headed ogres (D:8)
  2 black mambas
  4 spiny frogs
  2 komodo dragons
  A tyrant leech (Lair:2)
  A queen bee (D:8)
  4 hippogriffs
  8 blink frogs (Lair:3)
  4 yaks
  2 hungry ghosts
  A golden eye (D:4)
  A basilisk (Lair:1)
  4 soldier ants (Lair:4)
  5 water moccasins
  A swamp worm (Lair:2)
  4 porcupines
  2 slaves (D:4)
  A phantom (D:5)
  2 centaurs
  7 ogres
  A wolf (Lair:3)
  7 crocodiles
  12 bullfrogs
  A big kobold (D:8)
  6 scorpions
  24 killer bees
  3 wights (D:8)
  4 crimson imps
  A centaur skeleton (D:4)
  4 hounds
  Crazy Yiuf (D:3)
  4 orc priests
  9 orc wizards
  Jessica (D:2)
  A bullfrog skeleton (D:4)
  3 iguanas
  Natasha (twice) (D:2)
  13 worker ants
  A howler monkey zombie (D:6)
  A worker ant zombie (D:8)
  A howler monkey skeleton (D:5)
  13 adders
  A shadow imp (D:7)
  3 adder skeletons
  5 worms
  4 leopard geckos
  45 orcs
  6 giant cockroaches
  6 goblins
  4 hobgoblins
  9 jackals
  6 quokkas
  16 bats
  6 frilled lizards
  2 jackal skeletons (D:4)
  11 kobolds
  A kobold (shapeshifter) (D:3)
  8 rats
308 creatures vanquished.

Vanquished Creatures (collateral kills)
  A hippogriff (Lair:3)
  3 yaks (Lair:1)
  An orc priest (D:4)
  3 orcs (D:4)
8 creatures vanquished.

Vanquished Creatures (others)
  A yak (Lair:2)
  An orc wizard (D:4)
  A fire vortex (D:6)
  A fungus (Lair:3)
4 creatures vanquished.

Grand Total: 320 creatures vanquished

Notes
Turn   | Place    | Note
-------+----------+-------------------------------------------
     0 | D:1      | Starchild the Vine Stalker Chaos Knight began the quest for the Orb.
     0 | D:1      | Reached XP level 1. HP: 11/11 MP: 2/2
   118 | D:1      | Reached XP level 2. HP: 5/16 MP: 1/3
   133 | D:1      | Reached skill level 3 in Short Blades
   216 | D:1      | XOM: silly message
   275 | D:1      | XOM: noise
   458 | D:1      | XOM: swap monsters
   478 | D:1      | XOM: summons 1 hostile demon
   614 | D:1      | Reached XP level 3. HP: 19/19 MP: 4/4
   959 | D:2      | Found a burning altar of Makhleb.
   978 | D:2      | XOM: butterfly on damage
  1122 | D:1      | XOM: harmless Tloc miscast
  1169 | D:1      | XOM: stat loss: -1 Int (11/12)
  1189 | D:1      | XOM: mild Erth miscast
  1353 | D:2      | Noticed Jessica
  1373 | D:2      | Killed Jessica
  1373 | D:2      | Reached skill level 4 in Short Blades
  1373 | D:2      | Gained mutation: Your natural rate of healing is unusually fast. [Vine Stalker growth]
  1373 | D:2      | Reached XP level 4. HP: 20/23 MP: 5/5
  1519 | D:2      | Noticed Natasha
  1536 | D:2      | Killed Natasha
  1584 | D:2      | Found an opulent altar of Gozag.
  1653 | D:2      | Noticed Natasha
  1655 | D:2      | XOM: butterfly on damage
  1671 | D:2      | Killed Natasha
  1671 | D:2      | Reached XP level 5. HP: 14/28 MP: 6/6
  1762 | D:3      | Reached skill level 5 in Short Blades
  1768 | D:3      | XOM: smoke on damage
  1838 | D:3      | XOM: confuse monster(s)
  2011 | D:3      | Reached XP level 6. HP: 32/32 MP: 7/7
  2043 | D:3      | XOM: chaos upgrade
  2182 | D:3      | Found a runed door.
  2187 | D:3      | Noticed Crazy Yiuf
  2195 | D:3      | Killed Crazy Yiuf
  2195 | D:3      | Reached skill level 6 in Short Blades
  2405 | D:3      | XOM: polymorph rat -> gnoll
  2407 | D:3      | XOM: scenery: create altars
  2415 | D:3      | Gained mutation: You are partially covered in molten scales. (AC +2) [mutagenic meat]
  2416 | D:3      | Gained mutation: You have a pair of small antennae on your head. [mutagenic meat]
  2417 | D:3      | Gained mutation: You passively map a small area around you. [mutagenic meat]
  2634 | D:4      | Noticed a hungry ghost
  2642 | D:4      | XOM: cleaving
  2644 | D:4      | XOM: mild Erth miscast
  2663 | D:4      | Killed a hungry ghost
  2663 | D:4      | Reached skill level 7 in Short Blades
  2663 | D:4      | Reached XP level 7. HP: 32/35 MP: 8/8
  2956 | D:4      | Found a snail-covered altar of Cheibriados.
  2956 | D:4      | Found an ornate altar of the Wu Jian Council.
  2989 | D:4      | XOM: summons 3 hostile demons
  2990 | D:4      | Noticed a soul eater
  3035 | D:3      | XOM: summons 4 hostile shadow creatures
  3177 | D:4      | Reached skill level 8 in Short Blades
  3308 | D:4      | XOM: enchant monster (bad)
  3314 | D:4      | Gained mutation: You have razor-sharp teeth. [Vine Stalker growth]
  3314 | D:4      | Reached XP level 8. HP: 30/39 MP: 7/9
  3315 | D:4      | Noticed Pikel
  3317 | D:4      | XOM: summons 2 friendly demons
  3328 | D:4      | Noticed Pikel
  3328 | D:4      | Pikel changed into Pikel the golden eye
  3328 | D:4      | XOM: polymorph Pikel -> Pikel the golden eye
  3339 | D:4      | XOM: scenery: 1 doors open
  3341 | D:4      | XOM: summons friendly crimson imp
  3362 | D:4      | XOM: confuse monster(s)
  3384 | D:4      | XOM: cleaving
  3388 | D:4      | Killed Pikel the golden eye
  3431 | D:4      | Found a staircase to the Ecumenical Temple.
  3530 | D:5      | Entered Level 5 of the Dungeon
  3535 | D:5      | XOM: medium Ice miscast
  3544 | D:5      | Found a sparkling altar of Nemelex Xobeh.
  3585 | D:5      | Reached skill level 9 in Short Blades
  3639 | D:5      | Found an iron altar of Okawaru.
  4129 | D:5      | Found a deep blue altar of Sif Muna.
  4284 | D:5      | Reached skill level 10 in Short Blades
  4394 | D:6      | Found a shimmering altar of Xom.
  4472 | D:6      | Found a blossoming altar of Fedhas.
  4512 | D:6      | Reached XP level 9. HP: 39/43 MP: 10/10
  4881 | D:6      | Found a stormy altar of Qazlal.
  4980 | D:6      | Reached skill level 11 in Short Blades
  5004 | D:6      | XOM: mild Fire miscast
  5029 | D:6      | XOM: summons friendly white imp
  5345 | D:7      | Found a shattered altar of Ashenzari.
  5421 | D:7      | XOM: divination: detect creatures
  5513 | D:8      | XOM: harmless Fire miscast
  5581 | D:8      | XOM: summons 4 hostile demons
  5809 | D:8      | XOM: 1-stop teleportation journey
  5810 | D:8      | Noticed a two-headed ogre
  5847 | D:8      | Noticed a queen bee
  5943 | D:8      | XOM: summons 4 hostile demons
  5996 | D:8      | XOM: smoke on damage
  6003 | D:8      | Reached skill level 12 in Short Blades
  6054 | D:8      | XOM: mild Chrm miscast
  6071 | D:8      | XOM: cast spell 'Summon Small Mammal'
  6077 | D:8      | Noticed a two-headed ogre
  6077 | D:8      | XOM: summons 6 friendly demons
  6088 | D:8      | XOM: noise
  6099 | D:8      | XOM: harmless Pois miscast
  6101 | D:8      | Killed a two-headed ogre
  6101 | D:8      | Reached XP level 10. HP: 46/48 MP: 11/11
  6107 | D:8      | XOM: confuse monster(s)
  6116 | D:8      | Killed a two-headed ogre
  6207 | D:8      | XOM: harmless Tmut miscast
  6226 | D:8      | Got a spiked leather armour
  6227 | D:8      | Identified the +2 leather armour "Gowaiwn" {MR+} (You found it on level 8 of the Dungeon)
  6468 | D:8      | XOM: mild Conj miscast
  6495 | D:8      | Found a staircase to the Lair.
  6692 | D:7      | XOM: medium Tmut miscast
  6705 | D:7      | Reached skill level 5 in Slings
  6716 | D:7      | XOM: potion effect (invisibility)
  6774 | D:7      | XOM: potion effect (experience)
  6774 | D:7      | Reached XP level 11. HP: 51/51 MP: 12/12
  6911 | D:7      | XOM: summons 2 hostile demons
  6924 | D:7      | Found a shadowy altar of Dithmenos.
  6936 | D:7      | Found a white marble altar of Elyvilon.
  6995 | D:7      | XOM: mild Chrm miscast
  7046 | D:7      | Found a glowing golden altar of the Shining One.
  7252 | D:7      | XOM: summons friendly quasit
  7269 | D:7      | XOM: summons friendly iron imp
  7426 | D:7      | Found an ancient bone altar of Kikubaaqudgha.
  7437 | D:7      | Found a sacrificial altar of Ru.
  7559 | Lair:1   | Entered Level 1 of the Lair of Beasts
  7567 | Lair:1   | XOM: cast spell 'Leda's Liquefaction'
  7576 | Lair:1   | XOM: silly message
  7637 | Lair:1   | XOM: harmless Tloc miscast
  7641 | Lair:1   | XOM: torment (31/51 hp)
  7946 | Lair:1   | Noticed an oklob plant
  7961 | Lair:1   | Noticed an oklob plant
  7961 | Lair:1   | Noticed an oklob plant
  8054 | Lair:1   | Got a slimy scimitar
  8058 | Lair:1   | Identified the +6 scimitar "Wimyoxum" {slice, Str+3} (You found it on level 1 of the Lair of Beasts)
  8075 | Lair:1   | XOM: summons friendly ufetubus
  8076 | Lair:1   | Noticed a seven-headed hydra
  8079 | Lair:1   | XOM: summons friendly quasit
  8089 | Lair:1   | Killed a seven-headed hydra
  8089 | Lair:1   | Gained mutation: You heal very quickly. [Vine Stalker growth]
  8089 | Lair:1   | Reached XP level 12. HP: 16/56 MP: 9/13
  8090 | Lair:1   | Found a shimmering altar of Xom.
  8258 | Lair:1   | XOM: cast spell 'Monstrous Menagerie'
  8319 | Lair:1   | XOM: scenery: create altars
  8359 | Lair:1   | XOM: fog
  8653 | Lair:2   | XOM: summons 8 friendly demons
  8725 | Lair:2   | XOM: smoke on damage
  8855 | Lair:2   | XOM: destruction
  8947 | Lair:2   | Found a staircase to the Swamp.
  9262 | Lair:3   | XOM: smoke on damage
  9386 | Lair:3   | XOM: polymorph blink frog -> spiny frog
  9387 | Lair:3   | XOM: stat loss: -1 Str (21/22)
  9392 | Lair:3   | XOM: harmless Erth miscast
  9393 | Lair:3   | Reached skill level 10 in Slings
  9534 | Lair:3   | Noticed a six-headed hydra
  9546 | Lair:3   | Noticed a great orb of eyes
  9546 | Lair:3   | a six-headed hydra changed into a great orb of eyes
  9546 | Lair:3   | XOM: polymorph six-headed hydra -> great orb of eyes
  9555 | Lair:3   | Killed a great orb of eyes
  9604 | Lair:3   | XOM: confusion
  9613 | Lair:3   | XOM: summons 6 friendly demons
 10359 | Lair:4   | Found a hide-covered altar of Uskayaw.
 10408 | Lair:4   | XOM: harmless Tloc miscast
 10507 | Lair:4   | Noticed Harold
 10520 | Lair:4   | XOM: confusion
 10529 | Lair:4   | Killed Harold
 10548 | Lair:4   | Noticed a catoblepas
 10548 | Lair:4   | XOM: confuse monster(s)
 10558 | Lair:4   | XOM: give mutations
 10558 | Lair:4   | Gained mutation: You have supernaturally acute eyesight. (SInv) [Xom's mischief]
 10558 | Lair:4   | Gained mutation: Your body sometimes deteriorates upon taking damage. [Xom's mischief]
 10565 | Lair:4   | Killed a catoblepas
 10603 | Lair:4   | XOM is BORED!
 10605 | Lair:4   | XOM: cast spell 'Alistair's Intoxication'
 10635 | Lair:4   | Noticed an entropy weaver
 10635 | Lair:4   | Noticed a queen ant
 10635 | Lair:4   | Noticed an entropy weaver
 10659 | Lair:4   | XOM: smoke on damage
 10663 | Lair:3   | XOM: polymorph porcupine -> worm
 10663 | Lair:3   | Mangled by an entropy weaver

Vault maps used:
D:1:      giann_forest_graveyard, minmay_tetromino_o4
D:2:      lemuel_upstairs_altar, nicolae_gozag_cash_rules_everything_around_me,
          bloody_makhleb, first_bread, minmay_misc_feat_plants, minivault_14,
          uniq_natasha, uniq_jessica
D:3:      kennysheep_generic_room_13, uniq_crazy_yiuf_cottage
D:4:      minitemple, minmay_temple_entry_large_hall,
          hangedman_abyss_or_decor_stagger, uniq_pikel
D:5:      nicolae_overflow_hidden_temple, nemelex_xobeh_ov_fountains_minmay,
          old_standard_altar
D:6:      old_forge, lemuel_crystal_altar, nicolae_qazlal_eye_of_the_storm,
          kennysheep_mini_moat, minmay_misc_feat_tiny
D:7:      nicolae_overflow_quartered_altars, tso_oasis_becter, basic_altar
D:8:      lair_entry_dummy, david_nohive_1
Lair:1:   basic_altar, lemuel_old_faithful, minmay_lair_oklob_chamber
Lair:2:   minmay_swamp_entry_worms
Lair:3:   beast_lair_carwin_5, lemuel_fruit_tree, grunt_megastairs_5
Lair:4:   dummy_spider_entry, basic_altar, minmay_another_anthill,
          infiniplex_staircase_pool_2, uniq_harold

Skill      XL: |  1  2  3  4  5  6  7  8  9 10 11 12 |
---------------+-------------------------------------+-----
Short Blades   | 3 4 5 7 8 10 12 | 12.8
Slings         | 5 7 11 | 11.7
Shields        | 8 |  8.6
Fighting       | |  2.9
Armour         | |  1.6
Dodging        | |  0.7

Action                   |  1- 3 |  4- 6 |  7- 9 | 10-12 || total
-------------------------+-------+-------+-------+-------++-------
Melee: Short sword       |   107 |   147 |   398 |   200 ||   852
       Bite              |    23 |    55 |   122 |   168 ||   368
       Dagger            |       |       |     9 |    43 ||    52
       Scimitar          |       |       |       |   171 ||   171
 Fire: Hunting sling     |       |    56 |    17 |    93 ||   166
Throw: Stone             |       |     6 |     1 |     8 ||    15
Evoke: Wand              |       |       |       |    15 ||    15
  Use: Scroll            |     6 |     3 |     4 |     4 ||    17
       Potion            |     2 |       |     2 |     1 ||     5
 Stab: Confused          |       |     1 |       |       ||     1
       Sleeping          |       |       |     2 |     1 ||     3
       Invisible         |       |       |       |     2 ||     2
  Eat: Bread ration      |     1 |     1 |     1 |       ||     3
       Chunk             |       |     5 |     9 |    11 ||    25
       Royal jelly       |       |     1 |       |       ||     1
       Meat ration       |       |       |       |     1 ||     1
Armor: Leather armour    |    34 |    60 |   120 |    76 ||   290
       Chain mail        |    15 |       |       |       ||    15
       Skin              |       |       |    10 |     9 ||    19
Dodge: Dodged            |    65 |    90 |   122 |   111 ||   388
Block: Shield            |       |       |    72 |   173 ||   245
       Rpst.: Scimitar   |       |       |       |    17 ||    17

Table legend:
 A = Spawn XP
 B = Non-spawn XP
 C = Spawn XP percentage of total XP
 D = Spawn monster count
 E = Non-spawn monster count
 F = Spawn count percentage of total count
 G = Total turns spent on level
                    A         B        C        D         E        F      G
               +---------+---------+-------+---------+---------+-------+---------
         Total |       0 |   23833 |   0.0 |       0 |     316 |   0.0 | 10663
               +---------+---------+-------+---------+---------+-------+---------
           D:1 |       0 |      35 |   0.0 |       0 |      24 |   0.0 |  1162
           D:2 |       0 |     149 |   0.0 |       0 |      19 |   0.0 |   664
           D:3 |       0 |     320 |   0.0 |       0 |      44 |   0.0 |   801
           D:4 |       0 |     952 |   0.0 |       0 |      37 |   0.0 |   903
           D:5 |       0 |     627 |   0.0 |       0 |      25 |   0.0 |   864
           D:6 |       0 |    1125 |   0.0 |       0 |      35 |   0.0 |   887
           D:7 |       0 |    1881 |   0.0 |       0 |      30 |   0.0 |  1010
           D:8 |       0 |    3542 |   0.0 |       0 |      33 |   0.0 |  1268
        Lair:1 |       0 |    3349 |   0.0 |       0 |      17 |   0.0 |  1028
        Lair:2 |       0 |    3353 |   0.0 |       0 |      17 |   0.0 |   656
        Lair:3 |       0 |    5792 |   0.0 |       0 |      25 |   0.0 |  1100
        Lair:4 |       0 |    2708 |   0.0 |       0 |      10 |   0.0 |   320
               +---------+---------+-------+---------+---------+-------+---------
